 Dungeon Crawl Stone Soup version 0.21.1-1-g345015f (webtiles) character file.

261 grindst0ne the Skirmisher (level 5, -5/48 HPs)
             Began as a Demigod Air Elementalist on Feb 26, 2018.
             Slain by Sigmund
             ... wielding a +0 scythe
              (13 damage)
             ... on level 4 of the Dungeon.
             The game lasted 00:07:38 (3604 turns).

grindst0ne the Skirmisher (DgAE)                    Turns: 3604, Time: 00:07:38

Health: -5/48      AC:  4    Str: 13    XL:     5   Next: 63%
Magic:  7/19       EV: 12    Int: 19    God:
Gold:   153        SH:  0    Dex: 16    Spells: 4/7 levels left

rFire    . . .     SeeInvis .   s - +0 mace (crush)
rCold    . . .     Gourm    .   (no shield)
rNeg     . . .     Faith    .   u - +0 leather armour
rPois    .         Spirit   .   (no helmet)
rElec    .         Reflect  .   (no cloak)
rCorr    .         Harm     .   h - +0 pair of gloves
MR       .....                  (no boots)
Stlth    ++........             (no amulet)
HPRegen  0.16/turn              i - ring of magical power
MPRegen  0.16/turn              d - ring of flight

@: very slightly contaminated
A: high mp 1
a: Evoke Flight


You were on level 4 of the Dungeon.
You were hungry.

You visited 1 branch of the dungeon, and saw 4 of its levels.

You collected 153 gold pieces.

Inventory:

Hand Weapons
 s - a +0 mace of crushing (weapon)
Armour
 a - a +0 robe
 h - a +0 pair of gloves (worn)
 l - a +0 chain mail
 o - a +0 scale mail
 u - a +0 leather armour (worn)
Jewellery
 d - a ring of flight (right hand)
 i - a ring of magical power (left hand)
Scrolls
 e - 8 scrolls of identify {unknown}
 k - 4 scrolls of remove curse {unknown}
 n - 2 scrolls of magic mapping {unknown}
 r - 3 scrolls of teleportation {unknown}
Potions
 f - a potion of degeneration {unknown}
 g - 2 potions of curing {unknown}
 p - a potion of agility {unknown}
 q - a potion of might {unknown}
 t - a potion of brilliance {unknown}
Books
 b - a book of Air

   Spells                             Type                      Level
   a - Shock                          Conjuration/Air              1
   b - Swiftness                      Charms/Air                   2
   c - Static Discharge               Conjuration/Air              3
   d - Airstrike                      Air                          4
   e - Lightning Bolt                 Conjuration/Air              5
Comestibles
 c - 9 rations
 m - a chunk of flesh


   Skills:
 + Level 5.3 Fighting
 - Level 1.7 Dodging
 - Level 1.7 Stealth
 - Level 1.7 Spellcasting
 - Level 0.8 Conjurations
 - Level 2.6 Air Magic


You had 4 spell levels left.
You knew the following spells:

 Your Spells              Type           Power        Failure   Level  Hunger
a - Shock                 Conj/Air       #...         11%         1    #......
b - Swiftness             Chrm/Air       #.......     19%         2    ###....


Dungeon Overview and Level Annotations

Branches:
Dungeon (4/15)
 Temple: D:4-7

Annotations:
D:4 Sigmund


Innate Abilities, Weirdness & Mutations

You have an increased reservoir of magic. (+10% MP)


Message History

You miscast Shock.
The wind howls around you!
Casting: Shock
Confirm with . or Enter, or press ? or * to list all spells.
Aiming: Shock
Press: ? - help, Shift-Dir - straight line, f/p - Sigmund
Aim: Sigmund, wielding a scythe and wearing a robe (almost dead)
The zap misses Sigmund.
Sigmund gestures wildly while chanting.
Sigmund flickers and vanishes!
Deactivating autopickup; reactivate with Ctrl-A.
Casting: Shock
Confirm with . or Enter, or press ? or * to list all spells.
You can't see any susceptible monsters within range! (Use Z to cast anyway.) Unknown command.
You hear some strange, mumbled words.
A puff of flame appears from out of thin air!
The puff of flame hits you!
* * * LOW HITPOINT WARNING * * *
You hit something but do no damage. Something hits you!
You die...

#....#####...##.####
#_.⌠.######..##.####
#.....#.# ##........
##....#.####........
#⌠...'..##......##.
##....#.....#....#
#.....##........##
#_.⌠.#######....#
#....####.{@..#...##
##..##....###.#.....
####......@.....#.#
......######....#
#### #..# .#


There were no monsters in sight!

Vanquished Creatures
  An orc warrior (D:3)
  An orc wizard (D:3)
  A worker ant (D:2)
  3 adders
  An ooze (D:1)
  2 worms (D:2)
  A dart slug (D:3)
  3 leopard geckos
  7 orcs
  5 giant cockroaches
  7 goblins
  12 hobgoblins
  3 kobolds
  7 bats
  A frilled lizard (D:2)
  13 rats
68 creatures vanquished.

Notes
Turn   | Place    | Note
-------+----------+-------------------------------------------
     0 | D:1      | grindst0ne the Demigod Air Elementalist began the quest for the Orb.
     0 | D:1      | Reached XP level 1. HP: 14/14 MP: 5/5
     0 | D:1      | Noticed a minotaur zombie
     7 | D:1      | Noticed a minotaur zombie
   116 | D:1      | Reached skill level 1 in Fighting
   168 | D:1      | Reached XP level 2. HP: 13/23 MP: 0/7
   254 | D:1      | Reached skill level 2 in Fighting
  1146 | D:1      | Reached XP level 3. HP: 15/30 MP: 8/8
  1688 | D:1      | Learned a level 2 spell: Swiftness
  1756 | D:2      | Reached skill level 3 in Fighting
  2309 | D:2      | Reached XP level 4. HP: 30/39 MP: 9/9
  2330 | D:2      | Found a shadowy altar of Dithmenos.
  2384 | D:2      | Found a white marble altar of Elyvilon.
  2881 | D:3      | Reached skill level 4 in Fighting
  3178 | D:3      | Noticed a moth of wrath
  3181 | D:3      | Noticed an orc warrior
  3209 | D:3      | Killed an orc warrior
  3209 | D:3      | Reached skill level 5 in Fighting
  3209 | D:3      | Reached XP level 5. HP: 36/48 MP: 3/10
  3286 | D:3      | Found a bloodstained altar of Trog.
  3556 | D:4      | Found a snail-covered altar of Cheibriados.
  3557 | D:4      | Found a glowing silver altar of Zin.
  3579 | D:4      | Noticed Sigmund
  3604 | D:4      | Slain by Sigmund

Skill      XL: |  1  2  3  4 |
---------------+-------------+-----
Fighting       | 1 2 3 5 |  5.3
Dodging        | |  1.7
Stealth        | |  1.7
Spellcasting   | |  1.7
Conjurations   | |  0.8
Air Magic      | |  2.6

Action                   |  1- 3 |  4- 6 || total
-------------------------+-------+-------++-------
Melee: Dagger            |   159 |    18 ||   177
       Unarmed           |    13 |       ||    13
       Mace              |       |     8 ||     8
 Cast: Shock             |    39 |    85 ||   124
  Use: Potion            |       |     2 ||     2
 Stab: Sleeping          |     4 |       ||     4
       Distracted        |     1 |       ||     1
  Eat: Chunk             |     5 |     5 ||    10
Armor: Robe              |    61 |    28 ||    89
       Leather armour    |       |     4 ||     4
Dodge: Dodged            |   137 |    50 ||   187
